cohdb
Replays
Latest Replays
All Replays
Popular Replays
Top Player Replays
Match Explorer
How It Works
Community
CoH3 Stats
Reddit
Sign in to upload your games and track your stats! →
Sign in with Steam
Match 42739037
Unlisted
Match 42739037
Overview
Messages
Build Orders
End
Pioneer Squad
Construct Infanterie Kompanie
Kettenkrad Recon Vehicle
MG 42 Machine Gun Team
Selects Terror Battlegroup
Selects Terror Battlegroup
Selects Machine Gun Camouflage
MG 42 Machine Gun Team
Construct Luftwaffe Kompanie
221 Scout Car
Jäger Squad
Jäger Squad
Pioneer Squad
Construct Panzer Kompanie
Medical Station
Stoßtruppen Squad
Stoßtruppen Squad
Stoßtruppen Squad
Panzer Officer Quarters
Selects Defend the Fatherland
Selects King Tiger Heavy Tank
Defend the Fatherland
King Tiger Heavy Tank
irbo84
Non Nobis Domine
Majestic
Tyler N.
Tok3n x Operator
IcedOutCloud9
0
0
Comments
sign in to comment!
No comments posted yet!